 Dungeon Crawl Stone Soup version 0.29-a0-962-gc8bbfd0a37 (webtiles) character file.

Game seed: 1104777423251962364

1668 pokeman the Thaumaturge (level 8, -3/44 HPs)
             Began as a Deep Elf Hedge Wizard on July 31, 2022.
             Slain by a steam dragon (6 damage)
             ... on level 6 of the Dungeon.
             The game lasted 00:18:09 (8288 turns).

pokeman the Thaumaturge (Deep Elf Hedge Wizard)     Turns: 8288, Time: 00:18:09

Health: -3/44      AC:  6    Str:  7    XL:     8   Next: 69%
Magic:  24/24      EV: 13    Int: 22    God:
Gold:   270        SH:  0    Dex: 24    Spells: 11/27 levels left

rFire   . . .      SeeInvis +   C - +1 long sword (holy)
rCold   . . .      Faith    .   (no shield)
rNeg    . . .      Spirit   .   y - +0 leather armour
rPois   .          Reflect  .   c - +0 hat
rElec   +          Harm     .   (no cloak)
rCorr   .          Rampage  .   a - +1 pair of gloves of Mizxin {+Inv rElec Dex-2 SInv}
Will    .....                   e - +0 pair of boots
Stlth   +.........              (no amulet)
HPRegen 0.14/turn               w - +6 ring of dexterity
MPRegen 0.19/turn               n - +6 ring of dexterity

@: confused
A: no striking features
a: Evoke Invisibility


You were on level 6 of the Dungeon.
You visited 1 branch of the dungeon, and saw 6 of its levels.
You also visited: Ossuary.

You collected 372 gold pieces.
You spent 102 gold pieces at shops.

Inventory:

Hand Weapons
 C - a +1 long sword of holy wrath (weapon)
 E - a +3 shortbow
Missiles
 i - 2 throwing nets
 x - 2 curare-tipped darts
 A - 4 silver javelins
Armour
 a - the +1 pair of gloves of Mizxin (worn) {+Inv rElec Dex-2 SInv}
   (You found it on level 4 of the Dungeon)

   Dex:       It affects your dexterity (-2).
   rElec:     It insulates you from electricity.
   SInv:      It lets you see invisible.
   +Inv:      It lets you turn invisible.
 c - a +0 hat (worn)
 e - a +0 pair of boots (worn)
 y - a +0 leather armour (worn)
Jewellery
 l - a +4 ring of evasion
 n - a +6 ring of dexterity (right hand)
 p - a ring of resist corrosion
 w - a +6 ring of dexterity (left hand)
Wands
 t - a wand of polymorph (13)
 v - a wand of flame (22)
 J - a wand of paralysis (2)
Scrolls
 b - a scroll of blinking {unknown}
 j - 5 scrolls of amnesia {unknown}
 m - a scroll of identify {unknown}
 r - 2 scrolls of enchant weapon {unknown}
 z - 2 scrolls of teleportation {unknown}
 B - a scroll of magic mapping
 D - a scroll of poison {unknown}
 F - a scroll of immolation {unknown}
 G - 2 scrolls of enchant armour {unknown}
 I - a scroll of butterflies {unknown}
Potions
 d - 2 potions of magic
 f - 3 potions of heal wounds {unknown}
 g - a potion of flight {unknown}
 h - 2 potions of degeneration {unknown}
 k - a potion of haste {unknown}
 o - a potion of berserk rage {unknown}
 q - 6 potions of curing
 s - a potion of mutation {unknown}
 u - a potion of lignification {unknown}
 H - a potion of might {unknown}


   Skills:
 - Level 2.1 Fighting
 + Level 2.5 Armour
 - Level 3.0 Dodging
 - Level 3.1 Stealth
 * Level 10.2 Spellcasting
 + Level 5.4 Conjurations
 - Level 1.1 Summonings
 - Level 1.1 Translocations
 + Level 4.1 Fire Magic
 - Level 1.1 Ice Magic
 - Level 1.1 Air Magic
 - Level 1.2 Poison Magic
 - Level 1.0 Evocations


You had 11 spell levels left.
You knew the following spells:

 Your Spells              Type           Power      Damage    Failure   Level
a - Magic Dart            Conj           100%       1d8       1%          1
b - Mephitic Cloud        Conj/Pois/Air  22%        N/A       9%          3
c - Call Imp              Summ           16%        N/A       9%          2
d - Blink                 Tloc           32%        N/A       9%          2
e - Conjure Flame         Conj/Fire      32%        6-21      3%          3
f - Freezing Cloud        Conj/Ice/Air   11%        6-21      63%         5

Your spell library contained the following spells:

 Spells                   Type           Power      Damage    Failure   Level
 Summon Small Mammal      Summ           64%        N/A       5%          1
 Slow                     Hex            44%        N/A       9%          1
 Ignite Poison            Fire/Tmut/Pois 19%        N/A       12%         3
 Call Canine Familiar     Summ           16%        N/A       17%         3
 Summon Guardian Golem    Hex/Summ       13%        N/A       21%         3


Dungeon Overview and Level Annotations

Branches:
Dungeon (6/15)            Ossuary (visited)
 Temple: D:4-7

Altars:
Sif Muna

Shops:
D:4 ?


Message History

You kill the orc!
The orc shouts!
A steam dragon comes into view.
An orc comes into view. It is wielding a +0 mace.
Found a stone staircase leading up.
The orc wizard points at you and mumbles some strange words.
You are confused.
You're too confused to move!
The orc barely misses you. The orc attacks as you move away!
The orc hits you with a +0 mace.
You're too confused to cast spells.
The orc hits you with a +0 mace. The steam dragon breathes steam at you.
The ball of steam hits you!
The orc wizard points at you and mumbles some strange words.
You are more confused.
The orc completely misses you.
Unknown command.
The orc is engulfed in a cloud of scalding steam.
The orc dies!
The orc wizard is engulfed in a cloud of scalding steam.
The orc hits you with a +0 mace.
You slash the orc wizard!
You kill the orc wizard!
The steam dragon bites you. The steam dragon closely misses you.
The steam dragon breathes steam at you. The ball of steam hits you!
* * * LOW HITPOINT WARNING * * *
The orc hits you with a +0 mace.
* * * LOW HITPOINT WARNING * * *
The orc hits you but does no damage.
You slash the orc!
You kill the orc!
You are engulfed in a cloud of scalding steam.
The steam dragon bites you.
* * * LOW HITPOINT WARNING * * *
The steam dragon closely misses you. The orc completely misses you.
Unknown command.
The steam dragon bites you.
You die...

......#####..............
..........>.#####.....##
##..........#####.#####
#...#.#.....#.....#...
...#................#
##.................####
..............##..§...##
####........#.#§§D.....##
###......#...@o§.)...##
##.#..##............## #
#.##................#.#
#..#####..............##.
##...###.................#
#.>...##..........#.##..#
####..#..........#..# ..
#..#...............
############............#.##)..


You could see a steam dragon (catching breath) and an orc.

Vanquished Creatures
  A water moccasin (D:5)
  2 ice beasts (D:5)
  A black bear (D:5)
  An orc warrior (D:5)
  A centaur (D:5)
  2 phantoms
  2 scorpions
  A necrophage (D:4)
  3 water moccasin zombies (Ossuary)
  The ghost of OstrichLN the Chopper, a weakling MiGl (D:3)
  A howler monkey (D:5)
  3 hounds
  An iguana (D:4)
  Natasha (thrice) (D:2)
  6 orc wizards
  2 mummies (Ossuary)
  A gnoll (D:1)
  4 adders
  A white imp (D:5)
  An ufetubus (D:5)
  3 adder zombies (Ossuary)
  3 worms
  A dart slug (D:2)
  24 orcs
  2 bats
  5 endoplasms
  4 gnoll zombies (Ossuary)
  5 goblins
  5 hobgoblins
  6 jackals
  7 kobolds
  3 quokkas
  6 ball pythons
  4 frilled lizards
  A goblin zombie (D:6)
  7 hobgoblin zombies (Ossuary)
  8 kobold zombies (Ossuary)
  3 orc zombies
  2 rats
137 creatures vanquished.

Vanquished Creatures (others)
  An orc (D:6)
1 creature vanquished.

Grand Total: 138 creatures vanquished

Notes
Turn   | Place    | Note
-------+----------+-------------------------------------------
     0 | D:1      | pokeman the Deep Elf Hedge Wizard began the quest for the
                  | Orb.
     0 | D:1      | Reached XP level 1. HP: 10/10 MP: 7/7
   450 | D:1      | Reached XP level 2. HP: 16/16 MP: 5/9
   694 | D:1      | Reached skill level 5 in Spellcasting
   881 | D:1      | Reached XP level 3. HP: 20/20 MP: 5/11
   885 | D:1      | Learned a level 3 spell: Mephitic Cloud
   888 | D:1      | Learned a level 2 spell: Call Imp
   891 | D:1      | Learned a level 2 spell: Blink
   895 | D:1      | Learned a level 3 spell: Conjure Flame
  1374 | D:1      | Found a faded altar of an unknown god.
  1475 | D:2      | Identified the +9 plate armour of Panentheism {rC- Int+8
                  | SInv}
  1594 | D:2      | Noticed Natasha
  1602 | D:2      | Killed Natasha
  1603 | D:2      | Reached skill level 1 in Fighting
  1603 | D:2      | Reached skill level 1 in Armour
  2172 | D:2      | Reached XP level 4. HP: 25/25 MP: 11/13
  2401 | D:2      | Noticed Natasha
  2413 | D:2      | Killed Natasha
  2736 | D:2      | Noticed Natasha
  2745 | D:2      | Killed Natasha
  3156 | D:3      | Found a runed translucent gate.
  3156 | D:3      | Found a runed translucent gate.
  3156 | D:3      | Found a runed translucent gate.
  3159 | D:3      | Noticed OstrichLN's ghost (weakling MiGl)
  3324 | D:3      | Found a shimmering blue altar of Sif Muna.
  3423 | D:3      | Reached skill level 6 in Spellcasting
  3423 | D:3      | Reached XP level 5. HP: 24/29 MP: 1/15
  3655 | D:3      | You fall into a shaft and drop 2 floors!
  3655 | D:5      | Entered Level 5 of the Dungeon
  4024 | D:4      | Noticed a phantom
  4039 | D:4      | Killed a phantom
  4040 | D:4      | Reached skill level 1 in Fire Magic
  4040 | D:4      | Reached skill level 1 in Air Magic
  4040 | D:4      | Reached XP level 6. HP: 17/34 MP: 6/17
  4594 | D:3      | Learned a level 5 spell: Freezing Cloud
  4815 | D:4      | Reached skill level 7 in Spellcasting
  5120 | D:4      | Reached skill level 1 in Evocations
  5159 | D:4      | Reached skill level 1 in Poison Magic
  5842 | D:4      | Found Ichidun's Magic Scroll Boutique.
  5848 | D:4      | Bought a scroll of noise for 12 gold pieces
  5848 | D:4      | Bought a scroll of magic mapping for 90 gold pieces
  5910 | D:4      | Reached skill level 1 in Ice Magic
  5910 | D:4      | Reached XP level 7. HP: 31/38 MP: 7/20
  6155 | D:4      | Identified the +1 pair of gloves of Mizxin {+Inv rElec
                  | Dex-2 SInv}
  6316 | D:3      | Killed OstrichLN's ghost
  6639 | D:5      | Reached skill level 8 in Spellcasting
  6832 | D:5      | Reached XP level 8. HP: 43/44 MP: 3/22
  7515 | D:5      | Reached skill level 9 in Spellcasting
  7765 | D:5      | Reached skill level 5 in Conjurations
  7999 | D:6      | Found a sand-covered staircase.
  8011 | Ossuary  | Entered an ossuary
  8101 | Ossuary  | Reached skill level 10 in Spellcasting
  8288 | D:6      | Slain by a steam dragon

Illustrated notes

Levels and vault maps discovered:
D:1:      lemuel_arrival_hallway, layout_loops_ring,
          shapermc_ecumenical_altar_petra, amcnicky_mini_corridor_feature,
          serial_park_tiny_1
D:2:      layout_basic, uniq_natasha
D:3:      layout_basic, led_sif_pool, biasface_ghost_orc_armoury
D:4:      layout_basic, grunt_ministairs_4, kennysheep_small_square
D:5:      layout_basic, corexii_checkpoint_a, minmay_misc_feat_rugged,
          minmay_statues_item, grunt_decor_clamped
D:6:      lemuel_slime, layout_rooms, kennysheep_little_box, enter_ossuary_3

Skill      XL: |  1  2  3  4  5  6  7  8 |
---------------+-------------------------+-----
Spellcasting   | 5 6 7 8 10 | 10.2
Fighting       | 1 2 |  2.1
Armour         | 1 2 |  2.5
Conjurations   | 2 3 4 5 |  5.4
Stealth        | 3 |  3.1
Dodging        | 3 |  3.0
Fire Magic     | 1 2 4 |  4.1
Air Magic      | 1 |  1.1
Evocations     | 1 |  1.0
Poison Magic   | 1 |  1.2
Ice Magic      | 1 |  1.1
Summonings     | |  1.1
Translocations | |  1.1

Action                   |  1- 3 |  4- 6 |  7- 9 || total
-------------------------+-------+-------+-------++-------
Melee: Dagger            |     7 |       |       ||     7
       Mace              |     1 |     5 |       ||     6
       War axe           |       |    12 |       ||    12
       Short sword       |       |     4 |    17 ||    21
       Long sword        |       |       |    40 ||    40
 Fire: Sling             |       |       |     9 ||     9
       Shortbow          |       |       |     7 ||     7
Throw: Dart              |       |     1 |       ||     1
       Javelin           |       |       |     4 ||     4
 Cast: Magic Dart        |    83 |   128 |    84 ||   295
       Mephitic Cloud    |     1 |     7 |     6 ||    14
       Call Imp          |       |     1 |     1 ||     2
       Conjure Flame     |       |       |    14 ||    14
       Blink             |       |       |     1 ||     1
Evoke: Wand              |       |       |     5 ||     5
 Stab: Confused          |     1 |     5 |     1 ||     7
       Sleeping          |       |       |     1 ||     1
Armor: Robe              |     3 |     3 |       ||     6
       Leather armour    |       |     5 |    12 ||    17
Dodge: Dodged            |    17 |    45 |    57 ||   119

Table legend: (Time is in decaauts)
 A = Elapsed time spent in this place.
 B = Non-inter-level travel time spent in this place.
 C = Inter-level travel time spent in this place.
 D = Time resting spent in this place.
 E = Time spent auto-exploring this place.
 F = Levels seen in this place.
 G = Mean time per level.
                   A        B        C        D        E       F      G
               +--------+--------+--------+--------+--------+-----+--------+
         Total |   8319 |   8135 |    184 |    869 |   5766 |   7 | 1188.4 |
       Dungeon |   8050 |   7866 |    184 |    869 |   5695 |   6 | 1341.7 |
       Ossuary |    269 |    269 |      0 |      0 |     71 |   1 |  269.0 |
               +--------+--------+--------+--------+--------+-----+--------+

Top non-repeatable levels by time:
     D:3: 1798 daAuts
     D:4: 1786 daAuts
     D:2: 1515 daAuts
     D:5: 1436 daAuts
     D:1: 1401 daAuts
 Ossuary: 269 daAuts
     D:6: 112 daAuts
